 Dungeon Crawl Stone Soup version 0.28.0-43-g3370ac3207 (webtiles) character file.

Game seed: 8931907448160232784

1 nickcage the Sneak (level 1, -2/9 HPs)
             Began as a Spriggan Enchanter on Apr 1, 2022.
             Frozen to death by an endoplasm (4 damage)
             ... on level 1 of the Dungeon.
             The game lasted 00:00:23 (33 turns).

nickcage the Sneak (Spriggan Enchanter)               Turns: 33, Time: 00:00:24

Health: -2/9       AC:  2    Str:  4    XL:     1   Next: 16%
Magic:  5/5        EV: 17    Int: 16    God:
Gold:   0          SH:  0    Dex: 15    Spells: 5/5 levels left

rFire   . . .      SeeInvis +   a - +1 dagger
rCold   . . .      Faith    .   (no shield)
rNeg    . . .      Spirit   .   b - +0 robe
rPois   .          Reflect  .   (helmet restricted)
rElec   .          Harm     .   (no cloak)
rCorr   .          Rampage  .   (gloves unavailable)
Will    .....                   (boots unavailable)
Stlth   +++.......              (no amulet)
HPRegen 0.03/turn               (no ring)
MPRegen 0.09/turn               (no ring)

@: very quick
A: very small, no large weapons, unfitting armour, see invisible, speed 3
a: no special abilities


You were on level 1 of the Dungeon.
You visited 1 branch of the dungeon, and saw 1 of its levels.

Inventory:

Hand Weapons
 a - a +1 dagger (weapon)
Armour
 b - a +0 robe (worn)
Potions
 c - a potion of invisibility


   Skills:
 - Level 1.1 Short Blades
 - Level 2.6 Dodging
 - Level 4.4 Stealth
 - Level 2.6 Spellcasting
 + Level 3.7 Hexes


You had 5 spell levels left.
You didn't know any spells.
Your spell library contained the following spells:

 Spells                   Type           Power      Damage    Failure   Level
 Confusing Touch          Hex            14%        N/A       12%         3
 Tukima's Dance           Hex            14%        N/A       12%         3
 Ensorcelled Hibernation  Hex/Ice        16%        N/A       14%         2
 Dazzling Flash           Conj/Hex       16%        N/A       26%         3


Dungeon Overview and Level Annotations

Branches:
Dungeon (1/15)

Altars:


Innate Abilities, Weirdness & Mutations

You are very small and have problems with some larger weapons.
You are too small for most types of armour.
You have supernaturally acute eyesight. (SInv)
You cover ground extremely quickly. (Speed+++)


Message History

The kobold is moderately wounded.
The kobold completely misses you. The rat completely misses you.
An endoplasm comes into view.
The endoplasm quivers.
You hit the kobold. Your punch misses the kobold.
The kobold is severely wounded.
The kobold closely misses you. The rat bites you. The kobold misses you.
The kobold closely misses you.
You closely miss the kobold.
The kobold is moderately wounded.
The rat closely misses you. The kobold misses you.
You closely miss the kobold.
The kobold is moderately wounded.
The rat closely misses you. The kobold misses you. x2
You hit the kobold but do no damage.
The kobold is moderately wounded.
The rat bites you but does no damage. The kobold misses you.
The kobold hits you but does no damage.
You hit the kobold.
The kobold is severely wounded.
The rat completely misses you. The kobold misses you.
The kobold closely misses you.
You hit the kobold but do no damage.
The kobold is severely wounded.
The rat completely misses you. The kobold hits you but does no damage.
The kobold misses you.
You closely miss the kobold.
The kobold is severely wounded.
The rat misses you. The kobold closely misses you.
The kobold barely misses you.
You hit the kobold.
You kill the kobold!
The rat barely misses you. The kobold hits you with a +0 whip.
* * * LOW HITPOINT WARNING * * *
You hit the endoplasm.
The endoplasm is moderately wounded.
The endoplasm freezes you.
You are frozen.
You die...

♣..........#....
#..............
.♣..........# .#
....J.......##.#
.♣..........)..#
#..$......#.#..
♣........r..#
.....#####J#####
.....#...r@....#
.### #...K.....#
#..⌠...⌠..#
#.........#
+.(..<....+
#.........#
#..⌠...⌠..#
#.........#
#.........#


You could see an endoplasm, a kobold and 2 rats.

Vanquished Creatures
  A kobold (D:1)
1 creature vanquished.

Notes
Turn   | Place    | Note
-------+----------+-------------------------------------------
     0 | D:1      | nickcage the Spriggan Enchanter began the quest for the
                  | Orb.
     0 | D:1      | Reached XP level 1. HP: 9/9 MP: 5/5
    33 | D:1      | Frozen to death by an endoplasm

Illustrated notes

Levels and vault maps discovered:
D:1:      mushboom_english_gardens, layout_rooms, serial_forest,
          infiniplex_forest_straight_3, infiniplex_forest_end_double,
          infiniplex_forest_side_room, infiniplex_forest_clump_small,
          infiniplex_forest_clump_double, infiniplex_forest_lined_3,
          infiniplex_forest_end_1, infiniplex_forest_zigzag_1,
          infiniplex_forest_straight_5, infiniplex_forest_clump_large

Action                   || total
-------------------------++-------
Melee: Dagger            ||    15
Armor: Robe              ||     4
Dodge: Dodged            ||    25
